 Dungeon Crawl Stone Soup version 0.24-a0-779-g36f0aeb843 (webtiles) character file.

Game seed: 3083586463490291401, levelgen mode: deterministic

8337 Ablot the Magician (level 11, -5/85 HPs)
             Began as a Gnoll Skald on Oct 8, 2019.
             Was a High Priest of Okawaru.
             Slain by a yak (11 damage)
             ... on level 10 of the Dungeon.
             The game lasted 00:26:37 (9006 turns).

Ablot the Magician (Gnoll Skald)                    Turns: 9006, Time: 00:26:37

Health: -5/85      AC:  5    Str: 18    XL:     11   Next: 29%
Magic:  13/22      EV: 19    Int: 16    God:    Okawaru [*****.]
Gold:   459        SH:  6    Dex: 21    Spells: 11/25 levels left

rFire    + + .     SeeInvis .   a - +7 spear of Guatefics {drain, MR+ Dex+6}
rCold    . . .     Gourm    .   A - +0 buckler
rNeg     . . .     Faith    .   t - +0 robe {rF+}
rPois    .         Spirit   .   (no helmet)
rElec    .         Reflect  .   F - +0 cloak
rCorr    .         Harm     .   (no gloves)
MR       +....                  h - +0 pair of boots
Stlth    ++++......             y - amulet of regeneration
HPRegen  1.64/turn              c - ring of protection from fire
MPRegen  0.18/turn              b - +2 ring of strength

@: about to teleport, singing, regenerating
A: distributed training, fangs 1, strong nose
a: Heroism, Finesse, Renounce Religion


You were on level 10 of the Dungeon.
You worshipped Okawaru.
Okawaru was extremely pleased with you.
You were not hungry.

You visited 2 branches of the dungeon, and saw 11 of its levels.

You collected 564 gold pieces.
You spent 105 gold pieces at shops.

Inventory:

Hand Weapons
 a - the +7 spear of Guatefics (weapon) {drain, MR+ Dex+6}
   (You found it on level 4 of the Dungeon)

   A truly terrible weapon, it drains the life of those it strikes.
   It affects your dexterity (+6).
   It affects your resistance to hostile enchantments.
Missiles
 i - 53 poisoned darts (quivered)
 j - 397 stones
 r - 107 bolts
 H - 89 sling bullets
 J - 88 arrows
Armour
 h - a +0 pair of boots (worn)
 t - a +0 robe of fire resistance (worn)
 A - a +0 buckler (worn)
 F - a +0 cloak (worn)
Jewellery
 b - a +2 ring of strength (right hand)
 c - a ring of protection from fire (left hand)
 y - an amulet of regeneration (around neck)
 D - an uncursed ring of protection from fire
Wands
 E - a wand of iceblast (5)
 I - a wand of flame (14)
 N - a wand of paralysis (18)
 P - a wand of enslavement (8)
 Q - a wand of acid (6)
Scrolls
 f - 5 scrolls of enchant weapon
 o - 4 scrolls of teleportation
 p - 6 scrolls of remove curse
 u - a scroll of magic mapping
 v - 3 scrolls of fear
 w - a scroll of noise {unknown}
 L - a scroll of amnesia {unknown}
 M - a scroll of blinking {unknown}
Potions
 g - 2 potions of cancellation {unknown}
 l - 7 potions of curing
 m - 3 potions of brilliance
 n - 5 potions of lignification
 q - 2 potions of flight
 x - 2 potions of ambrosia {unknown}
 z - 2 potions of mutation {unknown}
 B - 3 potions of magic {unknown}
 C - a potion of degeneration {unknown}
 G - 2 potions of might {unknown}
Miscellaneous
 s - a sack of spiders
Comestibles
 d - 13 rations
 O - 6 chunks of flesh


   Skills:
 + Level 7.7 Fighting
 + Level 6.0 Short Blades
 + Level 6.0 Long Blades
 + Level 6.0 Axes
 + Level 6.0 Maces & Flails
 + Level 7.7 Polearms
 + Level 6.0 Staves
 + Level 6.0 Slings
 + Level 6.0 Bows
 + Level 6.0 Crossbows
 + Level 6.0 Throwing
 + Level 6.6 Armour
 + Level 7.7 Dodging
 + Level 6.0 Stealth
 + Level 6.0 Shields
 + Level 6.0 Unarmed Combat
 + Level 7.9 Spellcasting
 + Level 5.0 Conjurations
 + Level 5.0 Hexes
 + Level 7.5 Charms
 + Level 5.0 Summonings
 + Level 5.0 Necromancy
 + Level 5.0 Translocations
 + Level 5.0 Transmutations
 + Level 5.0 Fire Magic
 + Level 5.0 Ice Magic
 + Level 5.0 Air Magic
 + Level 5.0 Earth Magic
 + Level 5.0 Poison Magic
 + Level 6.6 Invocations
 + Level 6.0 Evocations


You had 11 spell levels left.
You knew the following spells:

 Your Spells              Type           Power        Failure   Level  Hunger
a - Infusion              Chrm           ####         1%          1    None
b - Song of Slaying       Chrm           ####....     1%          2    None
c - Shroud of Golubria    Chrm/Tloc      ####..       1%          2    None
d - Regeneration          Chrm/Necr      ####......   2%          3    ##.....
e - Spectral Weapon       Hex/Chrm       ####....     2%          3    ##.....
f - Confusing Touch       Hex            ###...       1%          1    None
g - Passwall              Tmut/Erth      ###.....     2%          2    None

Your spell library contained the following spells:

 Spells                   Type           Power        Failure   Level  Hunger
 Animate Skeleton         Necr           N/A          1%          1    None
 Apportation              Tloc           ###...       1%          1    None
 Sandblast                Erth           ###...       1%          1    None
 Summon Small Mammal      Summ           ###.         1%          1    None
 Stone Arrow              Conj/Erth      ###...       4%          3    ##.....
 Petrify                  Tmut/Erth      ###.....     14%         4    ####...
 Lee's Rapid Deconstruct  Erth           ###.......   36%         5    #####..


Dungeon Overview and Level Annotations

Branches:
Dungeon (10/15)            Temple (1/1) D:6            Lair (0/6) D:8
    Orc: D:9-12

Altars:
Ashenzari
Cheibriados
Dithmenos
Elyvilon
Fedhas
Gozag
Hepliaklqana
Kikubaaqudgha
Makhleb
Nemelex Xobeh
Okawaru
Qazlal
Ru
Sif Muna
Trog
Uskayaw
Vehumet
Wu Jian
Xom
Yredelemnul
Zin
The Shining One
Lugonu

Shops:
D:4 ?   D:5 *

Annotations:
D:4 2 runed translucent doors
D:8 3 runed translucent doors, trapped elementals, Gynju's ghost, novice DEFE; stillor's ghost, novice DsFi
D:10 Josephine


Innate Abilities, Weirdness & Mutations

Your experience applies equally to all skills.
You have very sharp teeth.
Your uncanny sense of smell can sniff out nearby items.


Message History

Josephine closely misses you.
As you read the scroll of teleportation, it crumbles to dust.
You feel strangely unstable. The yak gores you.
* * * LOW HITPOINT WARNING * * *
Your shroud falls apart!
Josephine hits you with a +0 dagger.
* * * LOW HITPOINT WARNING * * *
Unknown command.
You hit the yak.
The yak is almost dead.
The yak closely misses you.
Unknown command.
You hit the yak.
You kill the yak!
Okawaru accepts your kill. Something appears at your feet!
Okawaru grants you ammunition! Josephine completely misses you.
The yak gores you!
You die...

**,..........### **,,,,,**,,**,,
***####.....# ****,*,,,,,,,*,*,,
###...# *,**##,,..**,,,*,, ##..#
**,*.,,W.#*,,,*,,, #..#
***W#*.W..,,,,*,,, ##..#
*,#W##W...,,,,,,,, #...#
##§##.Y.$#,,,,,,,, ###...#
#@#.Y#..##,,,,,,,,
******##.....###@#Y#.....,,,,,,,,
,,,,,.........###Y§Y##...,,,,,**,
,,,,,.........).<§§......,,,,,,,,
,,,,,.............#.##...,,,,,,,,
,,,,,......###..#####,,,#*,,,,,,,
,,,,,....##* #### *,,,,,***,,,,,,
,,,,,...#* **,,,,,*,,,,,,,
*,,,,...* **,,**,,,,,,,,
,,,,,,,** **,***,,,,,,,


You could see Josephine and a yak.

Vanquished Creatures
  A two-headed ogre (D:8)
  An elephant (D:8)
  A troll (D:8)
  3 slime creatures (D:9)
  2 hippogriffs
  Sigmund (D:4)
  A basilisk (D:8)
  8 yaks
  2 wyverns
  Eustachio (D:4)
  2 hungry ghosts (D:9)
  A water moccasin (D:6)
  3 sky beasts
  An orc warrior (D:6)
  A phantom (D:4)
  7 ogres
  3 ice beasts
  4 centaurs
  A crocodile (D:8)
  A big kobold (D:9)
  Blork the orc (D:5)
  5 bullfrogs
  A wyvern zombie (D:9)
  A scorpion (D:4)
  4 killer bees (D:6)
  8 wights (D:8)
  5 howler monkeys
  4 crimson imps
  5 hounds
  A jelly (D:9)
  Crazy Yiuf (D:4)
  4 orc wizards
  A centaur skeleton (D:4)
  5 orc priests
  2 iguanas
  4 worker ants
  A hound zombie (D:5)
  2 hound skeletons
  A howler monkey zombie (D:9)
  A worker ant zombie (D:5)
  3 gnolls (D:5)
  A howler monkey skeleton (D:7)
  7 adders
  A shadow imp (D:9)
  3 oozes
  2 adder zombies
  2 adder skeletons (D:8)
  A worm (D:3)
  2 dart slugs
  9 leopard geckos
  8 orcs
  7 giant cockroaches
  5 goblins
  4 hobgoblins
  7 jackals
  5 quokkas
  2 ball pythons
  6 bats
  6 frilled lizards
  A jackal skeleton (D:4)
  14 kobolds
  9 rats
207 creatures vanquished.

Vanquished Creatures (others)
  3 spectral weapons
3 creatures vanquished.

Grand Total: 210 creatures vanquished

Notes
Turn   | Place    | Note
-------+----------+-------------------------------------------
     0 | D:1      | Ablot the Gnoll Skald began the quest for the Orb.
     0 | D:1      | Reached XP level 1. HP: 20/20 MP: 6/6
   350 | D:1      | Reached XP level 2. HP: 26/26 MP: 7/7
   354 | D:1      | Learned a level 2 spell: Song of Slaying
   357 | D:1      | Learned a level 2 spell: Shroud of Golubria
   426 | D:1      | Found a snail-covered altar of Cheibriados.
   776 | D:1      | Reached XP level 3. HP: 28/31 MP: 9/9
   898 | D:1      | Reached skill level 5 in Spellcasting
  1333 | D:2      | Reached skill level 1 in Invocations
  1352 | D:2      | Learned a level 3 spell: Regeneration
  1356 | D:2      | Learned a level 3 spell: Spectral Weapon
  1431 | D:2      | Found a snail-covered altar of Cheibriados.
  1536 | D:2      | Reached skill level 1 in Short Blades
  1536 | D:2      | Reached skill level 1 in Long Blades
  1536 | D:2      | Reached skill level 1 in Axes
  1536 | D:2      | Reached skill level 1 in Maces & Flails
  1536 | D:2      | Reached skill level 1 in Staves
  1536 | D:2      | Reached skill level 1 in Slings
  1536 | D:2      | Reached skill level 1 in Bows
  1536 | D:2      | Reached skill level 1 in Crossbows
  1536 | D:2      | Reached skill level 1 in Throwing
  1536 | D:2      | Reached skill level 1 in Stealth
  1536 | D:2      | Reached skill level 1 in Shields
  1536 | D:2      | Reached skill level 1 in Unarmed Combat
  1536 | D:2      | Reached skill level 1 in Evocations
  1595 | D:2      | Reached XP level 4. HP: 38/38 MP: 11/11
  2077 | D:3      | Noticed an ogre
  2087 | D:3      | Killed an ogre
  2087 | D:3      | Reached skill level 1 in Conjurations
  2087 | D:3      | Reached skill level 1 in Hexes
  2087 | D:3      | Reached skill level 1 in Summonings
  2087 | D:3      | Reached skill level 1 in Necromancy
  2087 | D:3      | Reached skill level 1 in Translocations
  2087 | D:3      | Reached skill level 1 in Transmutations
  2087 | D:3      | Reached skill level 1 in Fire Magic
  2087 | D:3      | Reached skill level 1 in Ice Magic
  2087 | D:3      | Reached skill level 1 in Air Magic
  2087 | D:3      | Reached skill level 1 in Earth Magic
  2087 | D:3      | Reached skill level 1 in Poison Magic
  2087 | D:3      | Reached XP level 5. HP: 15/43 MP: 0/12
  2932 | D:4      | Found Bitewn's Magic Scroll Boutique.
  2942 | D:4      | Bought a scroll of identify for 20 gold pieces
  2942 | D:4      | Bought a scroll of teleportation for 30 gold pieces
  2942 | D:4      | Bought a scroll of fear for 35 gold pieces
  2942 | D:4      | Bought a scroll of identify for 20 gold pieces
  2950 | D:4      | Found an iron altar of Okawaru.
  2961 | D:4      | Became a worshipper of Warmaster Okawaru
  2967 | D:4      | You fall into a shaft and drop 3 floors!
  3064 | D:6      | Reached XP level 6. HP: 46/50 MP: 7/13
  3072 | D:6      | Found a shimmering altar of Xom.
  3080 | D:6      | Found a shimmering altar of Xom.
  3080 | D:6      | Found a shimmering altar of Xom.
  3080 | D:6      | Found a shimmering altar of Xom.
  3082 | D:6      | Found a shimmering altar of Xom.
  3083 | D:6      | Found a shimmering altar of Xom.
  3083 | D:6      | Found a shimmering altar of Xom.
  3084 | D:6      | Noticed a water moccasin
  3105 | D:5      | Entered Level 5 of the Dungeon
  3175 | D:5      | Found a shattered altar of Ashenzari.
  3178 | D:5      | Found a shimmering blue altar of Sif Muna.
  3178 | D:5      | Found a blossoming altar of Fedhas.
  3179 | D:5      | Found a burning altar of Makhleb.
  3180 | D:5      | Found a radiant altar of Vehumet.
  3197 | D:5      | Noticed an ice beast
  3211 | D:5      | Killed an ice beast
  3211 | D:5      | Reached skill level 5 in Fighting
  3211 | D:5      | Reached skill level 5 in Polearms
  3211 | D:5      | Reached skill level 5 in Dodging
  3436 | D:5      | Found an opulent altar of Gozag.
  3440 | D:5      | Found Gozag's Platinum Reserve.
  3480 | D:5      | Found a sacrificial altar of Ru.
  3524 | D:4      | Noticed Eustachio
  3541 | D:4      | Killed Eustachio
  3541 | D:4      | Reached XP level 7. HP: 34/56 MP: 0/15
  3707 | D:4      | Reached * piety under Okawaru
  3755 | D:4      | Learned a level 1 spell: Confusing Touch
  3758 | D:4      | Learned a level 2 spell: Passwall
  3928 | D:4      | Found a runed translucent door.
  3931 | D:4      | Noticed Crazy Yiuf
  3971 | D:4      | Found a large runed translucent door.
  3974 | D:4      | Found a large runed translucent door.
  4028 | D:4      | Found a large runed translucent door.
  4028 | D:4      | Found a large runed translucent door.
  4232 | D:4      | Reached XP level 8. HP: 40/63 MP: 10/16
  4608 | D:4      | Noticed Sigmund
  4619 | D:4      | Killed Sigmund
  4878 | D:4      | Got a shimmering spear
  4880 | D:4      | Identified the +7 spear of Guatefics {drain, MR+ Dex+6}
                  | (You found it on level 4 of the Dungeon)
  4932 | D:4      | Killed Crazy Yiuf
  5027 | D:5      | Reached ** piety under Okawaru
  5059 | D:5      | Noticed Blork the orc
  5073 | D:5      | Killed Blork the orc
  5148 | D:5      | Found a sparkling altar of Nemelex Xobeh.
  5297 | D:5      | Reached XP level 9. HP: 69/69 MP: 18/18
  5783 | D:6      | Reached *** piety under Okawaru
  5783 | D:6      | Reached skill level 5 in Armour
  6153 | D:6      | Found a staircase to the Ecumenical Temple.
  6164 | Temple   | Entered the Ecumenical Temple
  7039 | D:8      | Noticed a troll
  7046 | D:8      | Killed a troll
  7046 | D:8      | Reached skill level 5 in Invocations
  7182 | D:8      | Found a runed translucent gate.
  7183 | D:8      | Noticed stillor's ghost (novice DsFi)
  7183 | D:8      | Noticed Gynju's ghost (novice DEFE)
  7185 | D:8      | Found a runed translucent gate.
  7185 | D:8      | Found a runed translucent gate.
  7202 | D:8      | Found a sacrificial altar of Ru.
  7375 | D:8      | Reached XP level 10. HP: 67/77 MP: 9/20
  7410 | D:8      | Found a stormy altar of Qazlal.
  7450 | D:8      | Noticed an elephant
  7452 | D:8      | Found a white marble altar of Elyvilon.
  7620 | D:8      | Noticed a two-headed ogre
  7631 | D:8      | Killed a two-headed ogre
  7631 | D:8      | Reached **** piety under Okawaru
  7631 | D:8      | Reached skill level 5 in Short Blades
  7631 | D:8      | Reached skill level 5 in Long Blades
  7631 | D:8      | Reached skill level 5 in Axes
  7631 | D:8      | Reached skill level 5 in Maces & Flails
  7631 | D:8      | Reached skill level 5 in Staves
  7631 | D:8      | Reached skill level 5 in Slings
  7631 | D:8      | Reached skill level 5 in Bows
  7631 | D:8      | Reached skill level 5 in Crossbows
  7631 | D:8      | Reached skill level 5 in Throwing
  7631 | D:8      | Reached skill level 5 in Stealth
  7631 | D:8      | Reached skill level 5 in Shields
  7631 | D:8      | Reached skill level 5 in Unarmed Combat
  7631 | D:8      | Reached skill level 5 in Evocations
  7990 | D:8      | Found a staircase to the Lair.
  8019 | D:8      | Killed an elephant
  8382 | D:9      | Received a gift from Okawaru
  8401 | D:9      | Reached ***** piety under Okawaru
  8410 | D:9      | Reached XP level 11. HP: 84/84 MP: 7/22
  8636 | D:9      | Received a gift from Okawaru
  8922 | D:10     | Entered Level 10 of the Dungeon
  8933 | D:10     | Got a smoking rapier
  8975 | D:10     | Noticed Josephine
  8983 | D:10     | Reached skill level 5 in Conjurations
  8983 | D:10     | Reached skill level 5 in Hexes
  8983 | D:10     | Reached skill level 5 in Summonings
  8983 | D:10     | Reached skill level 5 in Necromancy
  8983 | D:10     | Reached skill level 5 in Translocations
  8983 | D:10     | Reached skill level 5 in Transmutations
  8983 | D:10     | Reached skill level 5 in Fire Magic
  8983 | D:10     | Reached skill level 5 in Ice Magic
  8983 | D:10     | Reached skill level 5 in Air Magic
  8983 | D:10     | Reached skill level 5 in Earth Magic
  8983 | D:10     | Reached skill level 5 in Poison Magic
  9001 | D:10     | HP: 3/85 [Josephine/+0 dagger (11)]
  9005 | D:10     | Received a gift from Okawaru
  9006 | D:10     | Slain by a yak

Levels and vault maps discovered:
D:1:      nzn_arrival_settlement, layout_basic, grunt_decor_mini_mirrors,
          cheibriados_altar_1
D:2:      layout_basic, lemuel_round_altar
D:3:      layout_basic, serial_bayou_pond_b, kennysheep_generic_room_10
D:4:      layout_cave_pods, lemuel_crystal_altar, first_ration, serial_shops,
          shop_scrolls, minmay_hollow_rounded_squares, uniq_crazy_yiuf_cottage,
          uniq_eustachio, uniq_sigmund
D:5:      layout_gridville, nicolae_gozag_zags_fifth_avenue,
          nemelex_xobeh_ov_fountains_minmay, grunt_temple_overflow_open,
          basic_altar, uniq_blork_the_orc
D:6:      layout_loops_ring, nicolae_xom_altar_mimics, minmay_temple_entry_hall
D:7:      layout_basic
D:8:      layout_basic, old_standard_altar, nicolae_qazlal_style_of_elements,
          old_standard_altar, david_lair_generic, gammafunk_ghost_cemetery
D:9:      layout_roguey
D:10:     layout_layer_cave, enter_bailey_1, blue_anna_alchemist
          [blue_anna_fruit_fields, blue_anna_fruit_fields], uniq_josephine
Temple:   kb_corrupted_temple

Skill      XL: |  1  2  3  4  5  6  7  8  9 10 11 |
---------------+----------------------------------+-----
Spellcasting   | 5 6 7 |  7.9
Invocations    | 1 2 3 4 5 6 |  6.6
Short Blades   | 1 2 3 4 5 6 |  6.0
Long Blades    | 1 2 3 4 5 6 |  6.0
Axes           | 1 2 3 4 5 6 |  6.0
Maces & Flails | 1 2 3 4 5 6 |  6.0
Staves         | 1 2 3 4 5 6 |  6.0
Slings         | 1 2 3 4 5 6 |  6.0
Bows           | 1 2 3 4 5 6 |  6.0
Crossbows      | 1 2 3 4 5 6 |  6.0
Throwing       | 1 2 3 4 5 6 |  6.0
Stealth        | 1 2 3 4 5 6 |  6.0
Shields        | 1 2 3 4 5 6 |  6.0
Unarmed Combat | 1 2 3 4 5 6 |  6.0
Evocations     | 1 2 3 4 5 6 |  6.0
Conjurations   | 1 2 3 4 5 |  5.0
Hexes          | 1 2 3 4 5 |  5.0
Summonings     | 1 2 3 4 5 |  5.0
Necromancy     | 1 2 3 4 5 |  5.0
Translocations | 1 2 3 4 5 |  5.0
Transmutations | 1 2 3 4 5 |  5.0
Fire Magic     | 1 2 3 4 5 |  5.0
Ice Magic      | 1 2 3 4 5 |  5.0
Air Magic      | 1 2 3 4 5 |  5.0
Earth Magic    | 1 2 3 4 5 |  5.0
Poison Magic   | 1 2 3 4 5 |  5.0
Armour         | 3 4 5 6 |  6.6
Fighting       | 5 6 7 |  7.7
Polearms       | 5 6 7 |  7.7
Dodging        | 5 6 7 |  7.7
Charms         | 6 7 |  7.5

Action                   |  1- 3 |  4- 6 |  7- 9 | 10-12 || total
-------------------------+-------+-------+-------+-------++-------
Melee: Spear             |   159 |   182 |   228 |   215 ||   784
       Bite              |    13 |    19 |    21 |    37 ||    90
       Punch             |       |       |     1 |       ||     1
       Trident           |       |       |    31 |       ||    31
 Cast: Shroud of Golubri |     1 |     8 |    20 |    18 ||    47
       Infusion          |     1 |     5 |    10 |     2 ||    18
       Regeneration      |     1 |     2 |     6 |     5 ||    14
       Spectral Weapon   |       |     6 |    16 |    14 ||    36
       Song of Slaying   |       |     1 |     4 |     5 ||    10
       Confusing Touch   |       |       |     1 |     5 ||     6
  Use: Scroll            |       |     5 |     4 |     7 ||    16
 Stab: Sleeping          |     6 |     4 |    13 |     3 ||    26
       Distracted        |       |     1 |     2 |       ||     3
       Confused          |       |       |       |     2 ||     2
  Eat: Chunk             |     2 |     8 |    10 |     7 ||    27
       Ration            |       |       |     1 |       ||     1
Armor: Leather armour    |    16 |     7 |       |       ||    23
       Robe              |       |    26 |    18 |     9 ||    53
Dodge: Dodged            |    81 |   110 |   127 |   103 ||   421
Block: Buckler           |       |       |     3 |    28 ||    31

Table legend:
 A = Non-vault XP
 B = Vault XP
 C = Vault XP percentage of total XP
 D = Non-vault monster count
 E = Vault monster count
 F = Vault count percentage of total count
                 A         B        C        D         E       F
            +---------+---------+-------+---------+---------+-------
      Total |    9996 |    1914 |  16.1 |     189 |      18 |   8.7
            +---------+---------+-------+---------+---------+-------
        D:1 |      42 |       0 |   0.0 |      24 |       0 |   0.0
        D:2 |      51 |       0 |   0.0 |      18 |       0 |   0.0
        D:3 |     170 |       3 |   1.7 |      17 |       1 |   5.6
        D:4 |     485 |     785 |  61.8 |      17 |      12 |  41.4
        D:5 |     855 |      94 |   9.9 |      20 |       1 |   4.8
        D:6 |    1021 |       0 |   0.0 |      15 |       0 |   0.0
        D:7 |     354 |       0 |   0.0 |       8 |       0 |   0.0
        D:8 |    2320 |    1032 |  30.8 |      27 |       4 |  12.9
        D:9 |    3883 |       0 |   0.0 |      39 |       0 |   0.0
       D:10 |     815 |       0 |   0.0 |       4 |       0 |   0.0
            +---------+---------+-------+---------+---------+-------
